AoeStats
← Darkbang33

Arabia

504915580Analyzed
3v3 RM · 24d ago on Sep 7, 2026· 23m 19s· 6 players
Game mode
Random Map
Map size
Normal (6 player)
Population
200
Speed
Normal
Resources
Standard
Victory
Conquest
Starting age
Dark Age
Ending age
Imperial Age
RankedLock teamsTeams togetherTeam positionsShared explorationLock speedFull tech treeHidden civsTurbo modeCheats
Victory
Defeat
🇵🇪 Vietnamese · Peru
1374
+13
🇵🇪 Persians · Peru
1340
+14
🇵🇪 Britons · Peru
1329
+14
🇦🇷 Magyars · Argentina
1334
-15
🇦🇷 Maya · Argentina
1315
-14
🇦🇷 Tupi · Argentina
1258
-12
Darkbang33
0:26 Loom
10:31 Feudal Age
11:00 Double-Bit Axe
17:25 Fletching
ElEmaRnR
8:14 Loom
10:59 Feudal Age
11:28 Double-Bit Axe
14:54 Fletching
Pepe "Ratatata" Cuenca
6:21 Loom
9:15 Feudal Age
9:48 Double-Bit Axe
9:59 Horse Collar
11:11 Town Watch
16:41 Scale Barding Armor
19:35 Bloodlines
MZTK | Lenz
6:09 Loom
8:33 Feudal Age
12:15 Fletching
14:09 Double-Bit Axe
14:41 Padded Archer Armor
23:36 Castle Age
mik3lo
8:49 Feudal Age
8:16 Loom
14:32 Double-Bit Axe
15:02 Horse Collar
17:01 Padded Archer Armor
16:53 Fletching
24:16 Castle Age
23:10 Gold Mining
TheRe@l_Milo
7:46 Loom
10:28 Feudal Age
11:14 Double-Bit Axe
16:04 Wheelbarrow
17:30 Town Watch
17:48 Padded Archer Armor
17:56 Fletching
19:13 Horse Collar
23:37 Castle Age
Connection lost

Rejoining the realm…

Still unreachable

The connection could not be restored.

Session expired

The server has moved on; the page needs a fresh start.